cohdb
Replays
Latest Replays
All Replays
Popular Replays
Top Player Replays
Match Explorer
How It Works
Community
CoH3 Stats
Reddit
Sign in to upload your games and track your stats! →
Sign in with Steam
Match 44790968
Unlisted
Match 44790968
Overview
Messages
Build Orders
End
Selects Heavy Weapons
Construct Barracks
Riflemen Squad
Riflemen Squad
M1 Mortar Team
Grenade Package
Riflemen Squad
Selects M2HB .50cal Heavy Machine Gun
Selects Assault Carriers
Construct Weapon Support Center
Infantry Support Center
M3 Assault Carrier
Riflemen Squad
M1918 Browning Automatic Rifles
Selects Exchangeable Parts
Construct Motor Pool
KrustyGlock
MoarSaltSmallerViolinPls
thugnasty
FitGirl
Joraad
Zorlonn
Die Fledermaus
Batman007
0
0
Comments
sign in to comment!
No comments posted yet!